 Dungeon Crawl Stone Soup version 0.30-b1-2-g02819fbbbe (webtiles) character file.

Game seed: 17637263922717931078

47 Alarkh the Insei (level 3, 23/27 HPs)
             Began as a Demonspawn Warper on May 27, 2023.
             Got out of the dungeon alive.
             The game lasted 00:01:03 (1384 turns).

Alarkh the Insei (Demonspawn Warper)                Turns: 1384, Time: 00:01:03

Health: 23/27      AC:  4    Str: 11    XL:     3   Next: 48%
Magic:  6/6        EV: 13    Int: 16    God:
Gold:   83         SH:  0    Dex: 12    Spells: 4/6 levels left

rFire   + .          .
                       - Unarmed
rCold   . . .        (no shield)
rNeg    . . .        a - +0 leather armour
rPois   .            (no helmet)
rElec   .            (no cloak)
rCorr   .            (no gloves)
SInv    .            g - +0 pair of boots
Will    .....        (no amulet)
Stlth   +            e - ring of protection from fire
HPRegen 0.24/turn    (no ring)
MPRegen 0.10/turn

%: no passive effects
@: no status effects
A: hooves 1, repulsion field 1
a: no special abilities


You escaped.
You visited 1 branch of the dungeon, and saw 2 of its levels.

You collected 83 gold pieces.

Inventory:

Missiles
 c - 5 boomerangs of dispersal (quivered)
Armour
 a - a +0 leather armour (worn)
 g - a +0 pair of boots (worn)
Jewellery
 e - a ring of protection from fire (left hand)
Scrolls
 b - 2 scrolls of blinking
 f - a scroll of immolation {unknown}
 h - 2 scrolls of poison {unknown}
 i - a scroll of magic mapping {unknown}
Potions
 d - a potion of resistance {unknown}


   Skills:
 - Level 2.0 Fighting
 - Level 0.8 Throwing
 - Level 0.8 Armour
 - Level 1.7 Dodging
 + Level 3.6 Unarmed Combat
 - Level 2.0 Spellcasting
 - Level 2.6 Translocations


You had 4 spell levels left.
You knew the following spells:

 Your Spells              Type           Power      Damage    Failure   Level
a - Blink                 Tloc           20%        N/A       14%         2

Your spell library contained the following spells:

 Spells                   Type           Power      Damage    Failure   Level
 Lesser Beckoning         Tloc           20%        N/A       14%         2
 Teleport Other           Tloc           10%        N/A       26%         3
 Ensorcelled Hibernation  Hex/Ice        2%         N/A       38%         2
 Passwall                 Tmut/Erth      0%         N/A       38%         2
 Vhi's Electric Charge    Tloc/Air       10%        N/A       43%         3
 Swiftness                Air            1%         N/A       63%         3
 Manifold Assault         Tloc           10%        N/A       65%         4
 Anguish                  Hex/Necr       0%         N/A       95%         4
 Arcjolt                  Conj/Air       0%         1d10      100%        5
 Enfeeble                 Hex            0%         N/A       100%        7
 Maxwell's Capacitive Co  Air            0%         ∞         100%        8


Dungeon Overview and Level Annotations

Branches:
Dungeon (2/15)

Altars:


Innate Abilities, Weirdness & Mutations

You have large cloven feet.
You are surrounded by a mild repulsion field. (EV +2)


Message History

You feel sick. The adder bites you but does no damage.
Throw: 7 boomerangs (disperse)
Press: ? - help, Q - select action, (/) - cycle Shift-Dir - straight line, f - adder
Aim: an adder (severely wounded, 38% to hit)
You throw a boomerang of dispersal.
The boomerang of dispersal closely misses the adder.
You feel sick. The adder barely misses you. x2
Throw: 6 boomerangs (disperse)
Press: ? - help, Q - select action, (/) - cycle Shift-Dir - straight line, f/p - adder
Aim: an adder (severely wounded, 38% to hit)
You throw a boomerang of dispersal.
The boomerang of dispersal hits the adder and shatters for extra damage.
The adder blinks!
The adder is almost dead.
You feel sick.
You are no longer poisoned.
You start resting.
An adder is nearby!
The adder barely misses you.
You closely miss the adder.
The adder is almost dead.
The adder barely misses you.
You barely miss the adder.
The adder is almost dead.
The adder barely misses you.
You barely miss the adder.
The adder is almost dead.
The adder barely misses you.
You hit the adder.
You kill the adder!
Found a scroll labelled IHUKURPHOCYD.
You see here an adder corpse.
You see here a +0 tower shield.
There is a stone staircase leading up here.
You climb upwards.
There is a stone staircase leading down here.
HP restored.
There is a staircase leading out of the dungeon here.
Are you sure you want to leave the Dungeon?
This will make you lose the game!
You have escaped!

#.##.# #.......# #...........#
#.##.########.#######...........#
#.#....######..........##########
#.#..........#.≈≈≈≈≈≈≈.#
#.#######.##...≈.....≈.# #######
#.......#.#....≈.....≈.# #......
#######.#.#.≈≈.≈.≈≈..≈.# #...###
.### #.#...≈..≈..≈..≈.####...#
...####.##..≈..≈@.≈..≈...#....#
##..........≈..≈≈.≈.≈≈.#......#
#.####.#...≈.....≈......##...#
##......#...≈.....≈.....#########
##.###.)#...≈≈≈≈≈≈≈..#### #. ##.#
##.###..........# #########. ##.#
#.############.# #.........
##.####............#.###.........
##.#.......#######....#..........


There were no monsters in sight!

Vanquished Creatures
  2 adders (D:2)
  A worm (D:2)
  3 bats (D:2)
  An endoplasm (D:1)
  A giant cockroach (D:1)
  A goblin (D:1)
  A hobgoblin (D:2)
  3 jackals (D:1)
  A quokka (D:2)
  5 ball pythons
  6 frilled lizards
  A kobold (D:1)
  A rat (D:1)
27 creatures vanquished.

Notes
Turn   | Place    | Note
-------+----------+-------------------------------------------
     0 | D:1      | Alarkh the Demonspawn Warper began the quest for the Orb.
     0 | D:1      | Reached XP level 1. HP: 16/16 MP: 3/3
    59 | D:1      | Reached skill level 2 in Unarmed Combat
   254 | D:1      | Gained mutation: You are surrounded by a mild repulsion
                  | field. (EV +2) [demonic ancestry]
   254 | D:1      | Reached XP level 2. HP: 22/22 MP: 5/5
   973 | D:2      | Reached skill level 3 in Unarmed Combat
  1073 | D:2      | Learned a level 2 spell: Blink
  1217 | D:2      | Gained mutation: You have large cloven feet. [demonic
                  | ancestry]
  1217 | D:2      | Reached XP level 3. HP: 25/27 MP: 6/6
  1384 | D:$      | Got out of the dungeon alive.

Illustrated notes

Levels and vault maps discovered:
D:1:      ebering_hopf_link, layout_basic, minivault_19
D:2:      layout_loops_cross

Skill      XL: |  1  2 |
---------------+-------+-----
Unarmed Combat | 2 3 |  3.6
Fighting       | |  2.0
Throwing       | |  0.8
Armour         | |  0.8
Dodging        | |  1.7
Spellcasting   | |  2.0
Translocations | |  2.6

Action                     || total
---------------------------++-------
  Melee: Unarmed           ||   131
         Punch             ||     5
  Throw: Boomerang         ||     2
 Armour: Leather armour    ||    36
  Dodge: Dodged            ||    93
